Map: [ESL] Cosmic Sapphire

Players

DnS - Winner!

  • Race: Protoss Protoss
  • Spawn Location: 11:00

Nice

  • Race: Protoss Protoss
  • Spawn Location: 5:00

Event: DreamHack SC2 Masters 2022 Valencia

VOD

Have the link to the VOD?

Description

Time

  • Played on: July 1, 2022, 1:35 p.m.
  • Length: 5:19

All games in this series

Show
View Real Time Build Order
Export as new Build Order

DnS Protoss - Winner!

Build Orders:  

Get SALT Encoding   

  12  0:00  Probe  
  13  0:12  Probe  
  14  0:17  Pylon  
  14  0:24  Probe (Chrono Boost)  
  15  0:36  Probe (Chrono Boost), Gateway  
  16  0:44  Probe (Chrono Boost)  
  16  0:46  Assimilator  
  17  0:50  Probe  
  17  0:54  Assimilator  
  18  1:03  Probe (Chrono Boost)  
  19  1:06  Gateway  
  20  1:12  Probe (Chrono Boost)  
  20  1:17  Probe (Chrono Boost)  
  20  1:23  Cybernetics Core  
  21  1:29  Probe  
  22  1:32  Pylon  
  22  1:41  Probe  
  23  1:50  Gateway  
  23  1:59  Stalker  
  23  2:01  Stalker, Warp Gate (Chrono Boost)  
  27  2:12  Pylon  
  27  2:15  Probe  
  28  2:29  Stalker  
  30  2:31  Stalker  
  32  2:40  Stalker  
  33  3:05  Nexus  
  33  3:13  Shield Battery  
  33  3:18  Shield Battery  
  33  3:33  Pylon  
  33  3:41  Stalker x2  
  37  3:50  Stalker  
  39  4:05  Sentry  
  39  4:09  Stalker  
  43  4:17  Stalker  
  43  4:21  Probe  
  40  4:31  Stalker  
  42  4:49  Sentry  
  42  4:50  Probe (Chrono Boost)  
  46  4:55  Probe (Chrono Boost)  
  47  5:00  Probe (Chrono Boost)  
  47  5:04  Probe (Chrono Boost)  
  47  5:05  Probe (Chrono Boost)  
  48  5:11  Twilight Council  
Show
View Real Time Build Order
Export as new Build Order

Nice Protoss 

Build Orders: Oracle Opening 

Get SALT Encoding   

  12  0:00  Probe  
  13  0:12  Probe  
  14  0:17  Pylon  
  14  0:25  Probe (Chrono Boost)  
  16  0:37  Probe (Chrono Boost)  
  16  0:38  Gateway  
  16  0:41  Probe (Chrono Boost)  
  16  0:45  Assimilator  
  17  0:52  Probe  
  17  0:54  Assimilator  
  18  1:04  Probe (Chrono Boost)  
  19  1:10  Gateway  
  19  1:14  Probe (Chrono Boost)  
  20  1:19  Probe (Chrono Boost)  
  20  1:25  Cybernetics Core  
  21  1:30  Probe  
  22  1:35  Pylon  
  22  1:42  Probe  
  23  1:54  Probe  
  24  2:03  Adept  
  24  2:04  Adept, Stargate  
  28  2:11  Shield Battery  
  28  2:13  Warp Gate  
  28  2:21  Pylon  
  28  2:33  Adept  
  28  2:36  Adept  
  31  2:40  Probe  
  32  2:48  Oracle (Chrono Boost)  
  35  2:54  Shield Battery  
  35  3:13  Nexus  
  35  3:25  Oracle (Chrono Boost)  
  33  3:32  Shield Battery  
  36  3:36  Pylon  
  36  3:50  Pylon  
  36  4:02  Sentry  
  38  4:08  Gateway  
  38  4:11  Probe, Twilight Council  
  39  4:23  Probe  
  40  4:36  Stalker x2, Probe  
  33  4:48  Probe  
  34  4:59  Nexus  
  34  5:03  Stalker x2  
  38  5:11  Pylon  

Tags
 
Add a new tag
Caveats
  • Supply blocks, unpowered buildings, or Contaminate may cause inaccurate times.
  • Supply counts are checked every 10 seconds.